 Dungeon Crawl Stone Soup version 0.19-a0 (webtiles) character file.

17715 M4edhros the Transmogrifier (level 12, 0/83 HPs)
             Began as a Vampire Transmuter on Apr 27, 2016.
             Was an Elder of Cheibriados.
             Slain by a nine-headed hydra (9 damage)
             ... on level 4 of the Lair of Beasts.
             The game lasted 00:53:23 (5395 turns).

M4edhros the Transmogrifier (Vampire Transmuter)    Turns: 5395, Time: 00:53:23

Health: 0/83       AC:  9    Str: 23      XL:     12   Next: 21%
Magic:  1/15       EV: 23    Int: 28      God:    Cheibriados [****..]
Gold:   494        SH:  0    Dex: 24 (26) Spells: 4 memorised, 1 level left

rFire  . . .     SeeInvis +       - Unarmed
rCold  + + .     Gourm    .     X - +2 robe {rC+}
rNeg   . . .     Faith    .     (shield currently unavailable)
rPois  .         Spirit   .     N - +2 hat {Int+3}
rElec  .         Dismiss  .     F - +2 cloak
rCorr  .         Reflect  .     (gloves currently unavailable)
SustAt .         Harm     .     (no boots)
MR     +....                    i - amulet of regeneration
Stlth  ++........               D - ring of protection from cold
                                K - +3 ring of slaying

@: about to teleport, blade hands (expiring), regenerating quickly, very slow,
somewhat resistant to hostile enchantments, unstealthy
A: fangs 3, see invisible, unbreathing
a: End Transformation, Bend Time, Temporal Distortion, Slouch, Renounce Religion


You were on level 4 of the Lair of Beasts.
You worshipped Cheibriados.
Cheibriados was greatly pleased with you.
You were very full.
You had blades for hands.
You visited 2 branches of the dungeon, and saw 16 of its levels.
You also visited: Ossuary.

You collected 566 gold pieces.

Inventory:

Hand Weapons
 k - a +0 blowgun
Missiles
 a - 111 arrows
 f - 61 poisoned needles
Armour
 m - a +0 buckler (melded)
 F - a +2 cloak (worn)
 N - a +2 hat of intelligence (worn)
 R - a +2 robe of magic resistance
 W - a +0 shield
 X - a +2 robe of cold resistance (worn)
Jewellery
 i - an amulet of regeneration (around neck)
 l - an uncursed ring of protection from magic
 D - a ring of protection from cold (right scythe-like blade)
 J - an uncursed ring of protection from cold
 K - a +3 ring of slaying (left scythe-like blade)
 Z - a +1 ring of evasion
Wands
 x - a wand of slowing (27/48)
 y - a wand of confusion (20/48)
 Q - a wand of slowing (27/48)
 T - a wand of acid (11/15)
Scrolls
 b - 2 scrolls of identify
 e - 2 scrolls of fog {unknown}
 g - 4 scrolls of amnesia {unknown}
 j - a scroll of teleportation
 n - a scroll of magic mapping {unknown}
 o - 2 scrolls of remove curse
 p - 3 scrolls of noise {unknown}
 q - a scroll of acquirement {unknown}
 r - 2 scrolls of recharging
 t - a scroll of silence {unknown}
 w - a scroll of enchant weapon {unknown}
 C - 3 scrolls of random uselessness {unknown}
 E - a scroll of immolation {unknown}
 G - 4 scrolls of fear {unknown}
 L - a scroll of brand weapon {unknown}
 M - 3 scrolls of blinking {unknown}
 V - a scroll of enchant armour {unknown}
Potions
 d - a potion of lignification
 h - 2 potions of ambrosia {unknown}
 s - 5 potions of curing
 u - 2 potions of mutation {unknown}
 v - a potion of degeneration
 z - a potion of resistance {unknown}
 A - 3 potions of might {unknown}
 B - a potion of haste {unknown}
 H - 27 potions of blood
 I - 3 potions of cancellation
 O - a potion of flight
 P - 2 potions of agility
 Y - a potion of magic {unknown}
Books
 c - a book of Changes

   Spells                             Type                      Level
   a - Beastly Appendage              Transmutation                1
   b - Sticks to Snakes               Transmutation                2
   c - Spider Form                    Transmutation/Poison         3
   d - Ice Form                       Ice/Transmutation            4
   e - Blade Hands                    Transmutation                5
 U - a book of the Earth

   Spells                             Type                      Level
   a - Leda's Liquefaction            Hexes/Earth                  4
   b - Bolt of Magma                  Conjuration/Fire/Earth       5
   c - Statue Form                    Transmutation/Earth          6
   d - Iron Shot                      Conjuration/Earth            6
   e - Shatter                        Earth                        9
Miscellaneous
 S - an ornate deck of defence {drawn: 4}


   Skills:
 + Level 4.2 Fighting
 - Level 10.1 Dodging
 - Level 5.5 Shields
 - Level 11.2 Unarmed Combat
 - Level 2.0 Spellcasting
 + Level 11.6 Transmutations
 * Level 5.1 Earth Magic
 - Level 5.0 Invocations


You had one spell level left.
You knew the following spells:

 Your Spells              Type           Power        Failure   Level  Hunger
a - Beastly Appendage     Trmt           ######       8%          1    None
b - Sticks to Snakes      Trmt           ######..     8%          2    ##.....
c - Blade Hands           Trmt           ######....   21%         5    ######.
d - Statue Form           Trmt/Erth      #####....    89%         6    #######


Dungeon Overview and Level Annotations

Branches:
Dungeon (10/15)              Lair (6/8) D:10          Swamp (0/4) Lair:3
  Snake (0/4) Lair:3
 Temple: D:4-7        Slime: Lair:6-8       Orc: D:9-12

Altars:
Cheibriados
Elyvilon
Kikubaaqudgha
Nemelex Xobeh
Qazlal
Ru
Trog
The Shining One

Annotations:
Lair:1 eragonby's ghost, journeyman GrFi


Innate Abilities, Weirdness & Mutations

Your natural rate of healing is unusually fast.
You have razor-sharp teeth.
You have supernaturally acute eyesight.
You can survive without breathing.


Message History

Unknown command.
Read which item? (? for menu, Esc to quit)
As you read the scroll of teleportation, it crumbles to dust.
You feel strangely unstable. The catoblepas barely misses you.
The nine-headed hydra bites you but does no damage.
The nine-headed hydra bites you!
* * * LOW HITPOINT WARNING * * *
The nine-headed hydra completely misses you.
The nine-headed hydra misses you. x2
The nine-headed hydra closely misses you.
The nine-headed hydra completely misses you.
The nine-headed hydra bites you!
* * * LOW HITPOINT WARNING * * *
The nine-headed hydra completely misses you.
Unknown command.
Unknown command.
Unknown command.
Unknown command.
The catoblepas barely misses you. The nine-headed hydra bites you!
You die...

?.# .?.[...... ...#.
)..........
......##.......?.D
........#....†.....
..................#
.........†.......#..
....................
#......D...........
#.....@Y...........
#..................
##..................
#...........$.......
#..#.......#.........
#. #................r
# ##.#....##........
#.##...##..##..... ##
####...## ....


You could see a catoblepas and a nine-headed hydra.

Vanquished Creatures
  Fannar (Lair:1)
  Erica (D:8)
  3 elephants (Lair:3)
  A black mamba (Lair:3)
  A torpor snail (Lair:6)
  Psyche (D:8)
  A spiny frog (Lair:2)
  3 rime drakes
  5 komodo dragons
  A giant leech (Lair:3)
  4 blink frogs (Lair:2)
  2 wyverns
  15 yaks
  Eustachio (D:4)
  A basilisk (Lair:2)
  Grum (D:8)
  9 hippogriffs
  2 nagas (Lair:3)
  4 water moccasins
  2 hell hounds (D:10)
  7 porcupines
  2 orc warriors (D:9)
  2 black bears
  3 sky beasts
  5 ogres
  The ghost of varam the Ruffian, an amateur DrTm (D:3)
  4 wolves (D:8)
  2 centaurs
  4 crocodiles
  7 giant frogs
  A wyvern zombie (D:6)
  7 scorpions
  6 killer bees (D:9)
  2 centaur zombies
  3 crimson imps
  4 hounds
  2 human zombies (Ossuary)
  3 orc wizards
  Crazy Yiuf (D:5)
  An orc priest (D:9)
  A jelly (D:5)
  6 iguanas
  5 worker ants
  18 sheep
  A big kobold zombie (Ossuary)
  2 mummies (Ossuary)
  Robin (D:3)
  2 gnolls (D:4)
  2 worker ant zombies (D:8)
  6 adders
  19 river rats
  A scorpion zombie (Ossuary)
  A shadow imp (D:7)
  An adder skeleton (D:4)
  An adder zombie (D:9)
  A worm (D:3)
  A dart slug (D:1)
  5 giant geckos
  23 orcs
  2 gnoll zombies (Ossuary)
  7 goblins
  9 hobgoblins
  2 kobolds (D:3)
  A quokka (D:6)
  2 ball pythons
  3 bats
  3 giant newts
  A goblin zombie (Ossuary)
  A hobgoblin zombie (Ossuary)
  A kobold zombie (Ossuary)
  2 orc zombies (Ossuary)
  2 rats
  2 fungi
261 creatures vanquished.

Vanquished Creatures (collateral kills)
  Gastronok (D:8)
  A hill giant (D:10)
  An ogre (D:6)
  3 scorpions (Ossuary)
  A centaur zombie (Ossuary)
  A sheep (Lair:4)
  A mummy (Ossuary)
  2 gnolls (D:4)
  A scorpion zombie (Ossuary)
  4 river rats (Lair:4)
  2 gnoll zombies (Ossuary)
  A kobold zombie (Ossuary)
19 creatures vanquished.

Vanquished Creatures (others)
  A quokka (D:3)
  A goblin zombie (Ossuary)
  A quokka skeleton (D:6)
  A fungus (Lair:4)
4 creatures vanquished.

Grand Total: 284 creatures vanquished

Notes
Turn   | Place    | Note
--------------------------------------------------------------
     0 | D:1      | M4edhros the Vampire Transmuter began the quest for the Orb.
     0 | D:1      | Reached XP level 1. HP: 14/14 MP: 3/3
   103 | D:1      | Reached XP level 2. HP: 17/20 MP: 5/5
   235 | D:2      | Noticed Robin
   261 | D:3      | Killed Robin
   261 | D:3      | Reached XP level 3. HP: 10/25 MP: 6/6
   364 | D:3      | Reached skill level 5 in Unarmed Combat
   472 | D:4      | Noticed Eustachio
   481 | D:4      | Reached XP level 4. HP: 31/31 MP: 7/7
   635 | D:3      | Found a white marble altar of Elyvilon.
   641 | D:3      | Noticed varam's ghost (amateur DrTm)
   758 | D:3      | Killed varam's ghost
   758 | D:3      | Reached XP level 5. HP: 20/36 MP: 5/8
   765 | D:3      | Found a sparkling altar of Nemelex Xobeh.
   829 | D:4      | Noticed an ogre
   891 | D:4      | Found a sand-covered staircase.
   896 | Ossuary  | Entered an ossuary
   991 | Ossuary  | Learned a level 2 spell: Sticks to Snakes
  1002 | Ossuary  | Reached XP level 6. HP: 42/42 MP: 6/9
  1180 | Ossuary  | Reached XP level 7. HP: 43/47 MP: 2/10
  1583 | D:4      | Noticed a hippogriff
  1587 | D:4      | Reached skill level 10 in Unarmed Combat
  1596 | D:4      | Killed a hippogriff
  1731 | D:4      | Reached XP level 8. HP: 53/53 MP: 8/11
  1753 | D:4      | Killed Eustachio
  1799 | D:5      | Entered Level 5 of the Dungeon
  1872 | D:3      | Found a stormy altar of Qazlal.
  1872 | D:3      | Found a snail-covered altar of Cheibriados.
  1881 | D:3      | Became a worshipper of Cheibriados the Contemplative
  1944 | D:6      | Found an ancient bone altar of Kikubaaqudgha.
  2123 | D:5      | Noticed Crazy Yiuf
  2134 | D:5      | Killed Crazy Yiuf
  2176 | D:5      | Reached skill level 1 in Shields
  2337 | D:6      | Reached * piety under Cheibriados
  2394 | D:6      | Reached skill level 5 in Transmutations
  2430 | D:6      | Reached XP level 9. HP: 55/58 MP: 12/12
  2445 | D:6      | Learned a level 5 spell: Blade Hands
  2645 | D:8      | Noticed Erica
  2662 | D:8      | Killed Erica
  2796 | D:8      | Found a sacrificial altar of Ru.
  2804 | D:8      | Reached skill level 5 in Dodging
  2836 | D:8      | Noticed Psyche
  2841 | D:8      | Noticed Grum
  2891 | D:8      | Reached skill level 1 in Invocations
  2892 | D:8      | Reached ** piety under Cheibriados
  2907 | D:8      | Killed Grum
  3067 | D:9      | Reached XP level 10. HP: 32/64 MP: 9/13
  3253 | D:9      | Reached *** piety under Cheibriados
  3363 | D:9      | Reached skill level 5 in Shields
  3447 | D:8      | Killed Psyche
  3486 | D:8      | Found a glowing golden altar of the Shining One.
  3530 | D:8      | Noticed Gastronok
  3621 | D:8      | Killed Gastronok
  3652 | D:8      | Found a bloodstained altar of Trog.
  3713 | D:10     | Entered Level 10 of the Dungeon
  3799 | D:10     | Found a staircase to the Lair.
  3806 | D:10     | Noticed a hill giant
  3817 | D:10     | Killed a hill giant
  3819 | D:10     | Reached skill level 10 in Transmutations
  3825 | D:10     | Reached XP level 11. HP: 38/69 MP: 2/14
  3848 | Lair:1   | Entered Level 1 of the Lair of Beasts
  3859 | Lair:1   | Reached **** piety under Cheibriados
  3867 | Lair:1   | Noticed eragonby's ghost (journeyman GrFi)
  3948 | Lair:2   | Reached skill level 1 in Fighting
  4267 | Lair:4   | Noticed a five-headed hydra
  4327 | Lair:4   | Reached ***** piety under Cheibriados
  4444 | Lair:3   | Learned a level 6 spell: Statue Form
  4453 | Lair:3   | Found a staircase to the Snake Pit.
  4469 | Lair:3   | Reached skill level 10 in Dodging
  4526 | Lair:3   | Found a staircase to the Swamp.
  4594 | Lair:2   | Reached skill level 1 in Earth Magic
  4598 | Lair:2   | Noticed a five-headed hydra
  4619 | Lair:3   | Reached skill level 5 in Invocations
  4940 | Lair:1   | Noticed Fannar
  4957 | Lair:1   | Killed Fannar
  4957 | Lair:1   | Reached XP level 12. HP: 36/83 MP: 12/15
  5307 | Lair:5   | Reached skill level 5 in Earth Magic
  5388 | Lair:4   | Noticed a catoblepas
  5395 | Lair:4   | Slain by a nine-headed hydra

Vault maps used:
D:1:      dpeg_arrival_rooms_c, columned_hall_lemuel
D:2:      nicolae_overflow_crystal_walls, uniq_robin
D:3:      kennysheep_big_flooded_room, nemelex_xobeh_ov_fountains_minmay,
          marbit_many_paths, elyvilon_altar_4, gammafunk_temple_overflow_statue,
          first_bread
D:4:      enter_ossuary_5, uniq_eustachio
D:5:      minmay_temple_entry_purple_smoke, uniq_crazy_yiuf_cottage
D:6:      kennysheep_mini, tgw_xom, lemuel_round_altar,
          kiku_gazebo_garden_becter, hangedman_abyss_or_decor_slice
D:7:      uniq_menkaure
D:8:      lightli_temple_of_fire, lemuel_round_altar, tso_altar,
          hangedman_tree_tricks, minivault_26, kennysheep_flooded_box,
          uniq_psyche, uniq_gastronok, uniq_erica, uniq_grum
D:9:      overflow_temple_1_default
D:10:     hangedman_cross_veins, minmay_lair_entry_lava
Lair:1:   beast_lair_carwin_3, infiniplex_staircase_pool_2, grunt_megastairs_1,
          uniq_fannar
Lair:2:   grunt_megastairs_2, serial_bayou_shore_b
Lair:3:   minmay_swamp_entry_worms, guppyfry_snake_entry_island,
          minmay_lindwurm_lava, serial_bayou_shore_b
Lair:4:   special_room, grunt_megastairs_5
Lair:5:   pf_torpor_hydra, grunt_megastairs_3
Lair:6:   minmay_slime_entry_pillars, st_stairs_7, uniq_rupert
Ossuary:  ossuary_minmay_scorpions

Skill      XL: |  1  2  3  4  5  6  7  8  9 10 11 12 |
---------------+-------------------------------------+-----
Unarmed Combat | 4 5 6 7 9 10 11 | 11.2
Shields        | 2 4 5 |  5.5
Transmutations | 5 8 10 11 | 11.6
Dodging        | 3 6 8 10 | 10.1
Invocations    | 2 3 5 |  5.0
Fighting       | 3 4 |  4.2
Earth Magic    | 4 5 |  5.1
Spellcasting   | |  2.0

Action                   |  1- 3 |  4- 6 |  7- 9 | 10-12 || total
-------------------------+-------+-------+-------+-------++-------
Melee: Unarmed           |   103 |   168 |   290 |   428 ||   989
       Bite              |     8 |    16 |    33 |    68 ||   125
       Kick              |       |    10 |     6 |       ||    16
       Punch             |       |     2 |     6 |    12 ||    20
 Fire: Blowgun           |       |       |     4 |       ||     4
 Cast: Beastly Appendage |       |     6 |     3 |       ||     9
       Sticks to Snakes  |       |    11 |    21 |    11 ||    43
       Blade Hands       |       |       |     3 |    23 ||    26
Invok: Temporal Distorti |       |       |       |     5 ||     5
       Slouch            |       |       |       |     2 ||     2
 Abil: End Transformatio |       |       |       |     1 ||     1
Evoke: Wand              |       |       |     4 |     7 ||    11
       Deck              |       |       |       |     4 ||     4
  Use: Potion            |     9 |     6 |    18 |    21 ||    54
       Scroll            |       |       |     3 |     7 ||    10
 Stab: Distracted        |       |     2 |     2 |     1 ||     5
       Confused          |       |       |     4 |     1 ||     5
       Sleeping          |       |       |       |     6 ||     6
Armor: Robe              |    21 |    16 |    43 |    50 ||   130
       Skin              |     5 |   108 |     4 |       ||   117
       Plate armour      |       |       |       |    13 ||    13
Dodge: Dodged            |    62 |    65 |   171 |   398 ||   696
Block: Buckler           |       |     4 |    39 |    67 ||   110
